 Dungeon Crawl Stone Soup version 0.25-b1-37-g2669288c55 (webtiles) character file.

Game seed: 10618386842669001456

72 grindst0ne the Skirmisher (level 4, -3/37 HPs)
             Began as a Demonspawn Fighter on June 4, 2020.
             Was an Initiate of Qazlal.
             Slain by an ogre
             ... wielding a +0 giant club
              (22 damage)
             ... on level 3 of the Dungeon.
             The game lasted 00:04:00 (2360 turns).

grindst0ne the Skirmisher (Demonspawn Fighter)      Turns: 2360, Time: 00:04:00

Health: -3/37      AC: 10    Str: 17    XL:     4   Next: 6%
Magic:  5/5        EV:  4    Int: 10    God:    Qazlal [......]
Gold:   101        SH:  9    Dex: 12    Spells: 3/3 levels left

rFire    . . .     SeeInvis .   a - +0 war axe
rCold    . . .     Gourm    .   c - +0 kite shield
rNeg     + . .     Faith    .   o - +0 chain mail
rPois    .         Spirit   .   (helmet restricted)
rElec    .         Reflect  .   (no cloak)
rCorr    .         Harm     .   (no gloves)
MR       .....                  (no boots)
Stlth    ..........             (no amulet)
HPRegen  0.12/turn              n - ring of positive energy
MPRegen  0.09/turn              (no ring)

@: mighty
A: horns 1, rugged brown scales 1
a: Renounce Religion


You were on level 3 of the Dungeon.
You worshipped Qazlal.
Qazlal was noncommittal.
You were not hungry.

You visited 1 branch of the dungeon, and saw 3 of its levels.

You collected 101 gold pieces.

Inventory:

Hand Weapons
 a - a +0 war axe (weapon)
Armour
 c - a +0 kite shield (worn)
 j - a +0 helmet
 o - a +0 chain mail (worn)
Jewellery
 n - a ring of positive energy (left hand)
Scrolls
 e - a scroll of enchant armour
 h - 2 scrolls of fear {unknown}
 i - a scroll of blinking {unknown}
 k - a scroll of amnesia
 l - a scroll of teleportation {unknown}
Potions
 d - a potion of might
 m - 3 potions of curing
Comestibles
 f - 3 rations


   Skills:
 + Level 3.6 Fighting
 - Level 1.7 Axes
 + Level 3.3 Armour
 + Level 3.3 Shields
 * Level 1.5 Invocations


You had 3 spell levels left.
You didn't know any spells.
Your spell library was empty.

Dungeon Overview and Level Annotations

Branches:
Dungeon (3/15)

Altars:
Elyvilon
Qazlal
Xom
Zin


Innate Abilities, Weirdness & Mutations

You have a pair of small horns on your head.
You are partially covered in rugged brown scales. (AC +1, +3% HP)


Message History

The ogre is heavily wounded.
The ogre barely misses you.
Your shield and chain mail prevent you from hitting the ogre.
The ogre is heavily wounded.
You block the ogre's attack.
You closely miss the ogre.
The ogre is heavily wounded.
You block the ogre's attack.
Your shield and chain mail prevent you from hitting the ogre.
The ogre is heavily wounded.
The ogre hits you with a +0 giant club.
You slash the ogre!
The ogre is almost dead.
The ogre hits you with a +0 giant club!
You hit the ogre.
The ogre is almost dead.
The ogre hits you with a +0 giant club.
The ogre hits you with a +0 giant club!!
Ouch! That really hurt!
You die...

#................
.................
##.#....>##.##....
........###og..#.# ##
#..............#..
..<####........O........
..............<....)รท...
.......O................
.......@.#.............#
......#..#..............
.........#........###.#.
.........###.##.### #.#.
.........#....#.# #.#.
.......#.#.#..#.# #.#.
.........#....# #.#.
...#.#.....<..# ..#.
.#.#.##.####..#########.


You could see an ogre.

Vanquished Creatures
  An adder (D:2)
  A worm (D:2)
  2 dart slugs (D:1)
  An orc (D:3)
  3 ball pythons
  3 bats
  5 giant cockroaches
  8 goblins
  8 hobgoblins
  6 kobolds
  2 quokkas
  4 frilled lizards
  4 rats
48 creatures vanquished.

Notes
Turn   | Place    | Note
-------+----------+-------------------------------------------
     0 | D:1      | grindst0ne the Demonspawn Fighter began the quest for the
                  | Orb.
     0 | D:1      | Reached XP level 1. HP: 18/18 MP: 1/1
   226 | D:1      | Gained mutation: You are partially covered in rugged brown
                  | scales. (AC +1, +3% HP) [demonic ancestry]
   226 | D:1      | Reached XP level 2. HP: 18/24 MP: 2/2
   582 | D:1      | Reached XP level 3. HP: 29/29 MP: 3/3
   848 | D:2      | Found a white marble altar of Elyvilon.
   877 | D:2      | Found a stormy altar of Qazlal.
   922 | D:2      | Became a worshipper of Qazlal Stormbringer
  1081 | D:2      | Found a faded altar of an unknown god.
  1668 | D:2      | Found a shimmering altar of Xom.
  1668 | D:2      | Found a glowing silver altar of Zin.
  1669 | D:2      | Noticed an angel
  1695 | D:2      | Reached skill level 1 in Invocations
  2055 | D:3      | Gained mutation: You have a pair of small horns on your
                  | head. [demonic ancestry]
  2055 | D:3      | Reached XP level 4. HP: 34/37 MP: 5/5
  2080 | D:3      | Noticed an ogre
  2360 | D:3      | Slain by an ogre

Illustrated notes

Levels and vault maps discovered:
D:1:      dpeg_arrival_tiny_a, layout_loops_cross
D:2:      lemuel_upstairs_altar, layout_basic,
          grunt_temple_overflow_order_and_chaos_1, lemuel_doored_altar,
          nicolae_overflow_crystal_walls, chequers_ecumenical_altar_simple
D:3:      layout_basic, makhleb_heckhound_becter, kennysheep_generic_room_5

Skill      XL: |  1  2  3 |
---------------+----------+-----
Armour         | 3 |  3.3
Shields        | 3 |  3.3
Invocations    | 1 |  1.5
Fighting       | |  3.6
Axes           | |  1.7

Action                   |  1- 3 |  4- 6 || total
-------------------------+-------+-------++-------
Melee: War axe           |   148 |    10 ||   158
       Headbutt          |       |     3 ||     3
  Use: Scroll            |     3 |       ||     3
       Potion            |       |     2 ||     2
  Eat: Chunk             |     4 |     1 ||     5
Armor: Scale mail        |    35 |       ||    35
       Chain mail        |    65 |       ||    65
Dodge: Dodged            |    35 |     3 ||    38
Block: Kite shield       |    71 |     3 ||    74
